 Dungeon Crawl Stone Soup version 0.30.1-3-gfc49f6343a (webtiles) character file.

Game seed: 6500442989312399806

42 Heoruswealwe the Conjurer (level 3, 0/19 HPs)
             Began as a Deep Elf Conjurer on July 31, 2023.
             Slain by a goblin
             ... wielding a +0 club
             ... led by Robin
              (3 damage)
             ... on level 2 of the Dungeon.
             The game lasted 00:06:40 (719 turns).

Heoruswealwe the Conjurer (Deep Elf Conjurer)        Turns: 719, Time: 00:06:40

Health: 0/19       AC:  2    Str:  4    XL:     3   Next: 35%
Magic:  7/10       EV: 12    Int: 24    God:
Gold:   11         SH:  0    Dex: 13    Spells: 4/10 levels left

rFire   . . .        (no weapon)
rCold   . . .        (no shield)
rNeg    . . .        c - +0 robe
rPois   .            (no helmet)
rElec   .            (no cloak)
rCorr   .            (no gloves)
SInv    .            (no boots)
Will    .....        (no amulet)
Stlth   ++           (no ring)
HPRegen 0.23/turn    (no ring)
MPRegen 0.12/turn

%: no passive effects
@: no status effects
A: no striking features
a: no special abilities


You were on level 2 of the Dungeon.
You visited 1 branch of the dungeon, and saw 2 of its levels.

You collected 11 gold pieces.

Inventory:

Armour
 c - a +0 robe (worn)
Magical Staves
 o - a staff of cold
Scrolls
 d - a scroll of acquirement {unknown}
Potions
 a - a potion of curing {unknown}
 b - a potion of magic
 e - a potion of haste {unknown}
 f - a potion of degeneration {unknown}


   Skills:
 - Level 2.4 Dodging
 - Level 2.4 Stealth
 + Level 4.3 Spellcasting
 + Level 5.1 Conjurations


You had 4 spell levels left.
You knew the following spells:

 Your Spells              Type           Power      Damage    Failure   Level
a - Magic Dart            Conj           100%       1d8       1%          1
b - Searing Ray           Conj           58%        2d6       1%          2
c - Dazzling Flash        Conj/Hex       34%        N/A       10%         3

Your spell library contained the following spells:

 Spells                   Type           Power      Damage    Failure   Level
 Fulminant Prism          Conj/Hex       8%         3d7       32%         4
 Iskenderun's Mystic Bla  Conj/Tloc      17%        2d5       32%         4


Dungeon Overview and Level Annotations

Branches:
Dungeon (2/15)

Altars:


Message History

You kill the goblin!
The searing ray hits Robin!
Robin is severely wounded. (Press . to maintain the ray.)
The goblin shouts!
You hear an angry hiss.
A kobold comes into view. It is wielding a +0 club.
The goblin hits you with a +0 dagger.
Robin roars a battlecry!
The goblins go into a battle-frenzy!
The goblin closely misses you.
Your Conjurations skill increases to level 5!
The searing ray hits the goblin!
You kill the goblin!
The searing ray hits Robin.
Robin is severely wounded.
The searing ray hits the goblin!
You kill the goblin!
The kobold shouts!
The goblin closely misses you. x2
The hobgoblin hits you but does no damage.
The searing ray misses the goblin.
The searing ray hits Robin!
You kill Robin!
The goblin barely misses you. The goblin hits you with a +0 dagger.
The goblin barely misses you. The hobgoblin hits you.
The goblin attacks as you move away! The goblin barely misses you.
The goblin unwields a +0 club.
The goblin wields a +0 sling.
The goblin shoots a sling bullet.
The sling bullet hits you. The goblin attacks as you move away!
The goblin hits you with a +0 dagger. The goblin attacks as you move away!
The goblin hits you with a +0 dagger. The hobgoblin attacks as you move away!
The hobgoblin completely misses you. The goblin attacks as you move away!
The goblin hits you with a +0 club.
* * * LOW HITPOINT WARNING * * *
The goblin attacks as you move away! The goblin barely misses you.
Found a grey potion.
The goblin attacks as you move away! The goblin closely misses you.
The hobgoblin attacks as you move away! The hobgoblin barely misses you.
An adder comes into view.
The goblin shoots a sling bullet.
The sling bullet misses you. The goblin hits you with a +0 club.
You die...

....#.. .......####
...........
.......... ...
.........# .....
.S.......###......
..................
.......@..........
......#gg........ ...
......#gg............
.............####....
.........g⌠..........
..........g..........
...........K.........
..!..................
.................<...


You could see an adder (asleep), 2 hobgoblins, 4 goblins and a kobold.

Vanquished Creatures
  Robin (D:2)
  2 dart slugs (D:1)
  2 bats (D:1)
  2 endoplasms (D:1)
  A giant cockroach (D:1)
  7 goblins
  2 hobgoblins (D:1)
  3 quokkas (D:1)
  A ball python (D:1)
  A frilled lizard (D:1)
  4 rats (D:1)
26 creatures vanquished.

Notes
Turn   | Place    | Note
-------+----------+-------------------------------------------
     0 | D:1      | Heoruswealwe the Deep Elf Conjurer began the quest for the
                  | Orb.
     0 | D:1      | Reached XP level 1. HP: 10/10 MP: 6/6
    76 | D:1      | Reached XP level 2. HP: 15/15 MP: 2/8
    79 | D:1      | Learned a level 2 spell: Searing Ray
   627 | D:1      | Reached XP level 3. HP: 19/19 MP: 3/10
   631 | D:1      | Learned a level 3 spell: Dazzling Flash
   708 | D:2      | Noticed Robin
   710 | D:2      | Reached skill level 5 in Conjurations
   711 | D:2      | Killed Robin
   719 | D:2      | Slain by a goblin

Illustrated notes

Levels and vault maps discovered:
D:1:      psy_arrival_statuary, layout_basic
D:2:      layout_basic, serial_shops, shop, minmay_fountain_box,
          grunt_ministairs_15, solitary_fountain, uniq_robin

Skill      XL: |  1  2  3 |
---------------+----------+-----
Spellcasting   | 4 |  4.3
Conjurations   | 5 |  5.1
Dodging        | |  2.4
Stealth        | |  2.4

Action                     || total
---------------------------++-------
  Melee: Unarmed           ||     2
   Cast: Magic Dart        ||    44
         Searing Ray       ||     1
 Armour: Robe              ||     3
  Dodge: Dodged            ||    15
